 Dungeon Crawl Stone Soup version 0.26-a0-259-g1effd001a9 (webtiles) character file.

Game seed: 6782091025971482113

92 Lugonue the Magician (level 4, -18/25 HPs)
             Began as a Deep Elf Fire Elementalist on July 24, 2020.
             Killed from afar by a kobold (43 damage)
             ... with an exploding inner flame
             ... hexed by the player character
             ... in a sewer.
             The game lasted 00:03:23 (2916 turns).

Lugonue the Magician (Deep Elf Fire Elementalist)   Turns: 2916, Time: 00:03:24

Health: -18/25     AC:  2    Str:  5    XL:     4   Next: 35%
Magic:  8/12       EV: 13    Int: 21    God:
Gold:   108        SH:  0    Dex: 15    Spells: 4/11 levels left

rFire    . . .     SeeInvis .   (no weapon)
rCold    . . .     Faith    .   (no shield)
rNeg     . . .     Spirit   .   a - +0 robe
rPois    .         Reflect  .   (no helmet)
rElec    .         Harm     .   (no cloak)
rCorr    .                      (no gloves)
MR       .....                  (no boots)
Stlth    ++........             (no amulet)
HPRegen  0.08/turn              (no ring)
MPRegen  0.13/turn              (no ring)

@: no status effects
A: no striking features
a: no special abilities


You were in a sewer.
You were not hungry.

You visited 1 branch of the dungeon, and saw 3 of its levels.
You also visited: Sewer.

You collected 108 gold pieces.

Inventory:

Armour
 a - a +0 robe (worn)
Wands
 p - a wand of random effects (20)
Scrolls
 b - a scroll of enchant armour {unknown}
 h - 3 scrolls of identify
 i - a scroll of random uselessness {unknown}
 l - 2 scrolls of enchant weapon {unknown}
 n - a scroll of remove curse
Potions
 d - a potion of invisibility {unknown}
 e - 2 potions of stabbing {unknown}
 f - 3 potions of heal wounds
 g - 2 potions of curing {unknown}
 j - a potion of haste {unknown}
 k - a potion of brilliance {unknown}
 m - a potion of degeneration {unknown}
 o - a potion of might {unknown}
Comestibles
 c - 8 rations


   Skills:
 * Level 1.3 Fighting
 * Level 3.1 Dodging
 + Level 2.5 Stealth
 + Level 4.0 Spellcasting
 + Level 2.1 Conjurations
 + Level 3.8 Fire Magic


You had 4 spell levels left.
You knew the following spells:

 Your Spells              Type           Power        Failure   Level
a - Foxfire               Conj/Fire      ###.         3%          1
b - Conjure Flame         Conj/Fire      ###.....     11%         3
c - Inner Flame           Hex/Fire       ##......     16%         3

Your spell library contained the following spells:

 Spells                   Type           Power        Failure   Level
 Sticky Flame             Conj/Fire      ###.....     34%         4
 Fireball                 Conj/Fire      ###.......   69%         5


Dungeon Overview and Level Annotations

Branches:
Dungeon (3/15)              Sewer (1/1)

Altars:
Cheibriados
Qazlal

Annotations:
D:3 Ijyb


Message History

A kobold is wielding a +1 dagger of distortion.
Found a scroll labeled HEELOM NEREOZ and a scroll labeled DOCUWUTOEC.
Casting: Foxfire (safe; 3% risk of failure)
Confirm with . or Enter, or press ? or * to list all spells.
The spell is quite dangerous to cast (16% risk of failure)!
Continue anyway?
Aiming: Inner Flame (quite dangerous; 16% risk of failure)
Press: ? - help, Shift-Dir - straight line, f - kobold
Aim: a kobold, wielding a +1 dagger of distortion (asleep, chance to defeat MR: 79%)
The kobold shouts!
The kobold is filled with an inner flame.
The kobold shouts! x2
Casting: Inner Flame (quite dangerous; 16% risk of failure)
Confirm with . or Enter, or press ? or * to list all spells.
You conjure some foxfire!
The foxfire hits the kobold.
The kobold explodes!
The fiery explosion engulfs your foxfire.
Your foxfire completely resists.
The fiery explosion engulfs you!!!
Ouch! That really hurt!
You die...

### ###
?.#.? .....
##..K## ≈≈
..K.. ≈≈≈
§v. ≈≈≈≈
##§###≈≈≈≈
##§@§≈≈≈≈≈≈
#..v.≈≈≈≈≈≈
#...≈≈≈≈≈≈≈
##...≈≈≈≈≈≈≈
#....≈≈≈≈≈≈≈
#....≈≈≈≈≈≈≈
#....≈.≈≈≈≈≈
##††...≈≈≈≈≈
#.....≈≈≈≈≈


You could see 2 kobolds.

Vanquished Creatures
  2 adders (D:2)
  A river rat (Sewer)
  4 worms
  2 dart slugs (D:1)
  A leopard gecko (D:2)
  5 bats
  4 giant cockroaches
  3 goblins
  4 hobgoblins
  2 jackals (D:1)
  8 kobolds
  3 ball pythons
  5 frilled lizards
  5 rats
49 creatures vanquished.

Vanquished Creatures (others)
  281 foxfires
281 creatures vanquished.

Grand Total: 330 creatures vanquished

Notes
Turn   | Place    | Note
-------+----------+-------------------------------------------
     0 | D:1      | Lugonue the Deep Elf Fire Elementalist began the quest for
                  | the Orb.
     0 | D:1      | Reached XP level 1. HP: 10/10 MP: 6/6
   386 | D:1      | Reached XP level 2. HP: 12/15 MP: 4/8
   894 | D:2      | Reached skill level 1 in Fighting
   894 | D:2      | Reached XP level 3. HP: 20/20 MP: 1/9
  1723 | D:2      | Learned a level 3 spell: Conjure Flame
  1794 | D:2      | Found a stormy altar of Qazlal.
  1794 | D:2      | Found a snail-covered altar of Cheibriados.
  2294 | D:3      | Noticed Ijyb
  2347 | D:3      | Reached XP level 4. HP: 25/25 MP: 5/11
  2353 | D:3      | Learned a level 3 spell: Inner Flame
  2724 | D:3      | Found a glowing drain.
  2747 | Sewer    | Entered a sewer
  2809 | Sewer    | Reached skill level 4 in Spellcasting
  2916 | Sewer    | Killed from afar by a kobold

Illustrated notes

Levels and vault maps discovered:
D:1:      dpeg_arrival_refuge, layout_basic
D:2:      layout_basic, gammafunk_temple_overflow_wave,
          kennysheep_generic_room_7
D:3:      layout_rooms, grunt_dithmenos_smoke_and_mirrors,
          cheibrodos_sewer_entry_bend, dk_noncrumbling_2, led_xom_imps,
          uniq_ijyb
Sewer:    sewer_minmay_treatment

Skill      XL: |  1  2  3  4 |
---------------+-------------+-----
Fighting       | 1 |  1.3
Dodging        | 3 |  3.1
Conjurations   | 2 |  2.1
Spellcasting   | 4 |  4.0
Stealth        | |  2.5
Fire Magic     | |  3.8

Action                   |  1- 3 |  4- 6 || total
-------------------------+-------+-------++-------
 Cast: Foxfire           |   142 |    42 ||   184
       Inner Flame       |       |     1 ||     1
  Use: Scroll            |     3 |       ||     3
  Eat: Ration            |     2 |       ||     2
Dodge: Dodged            |     3 |     9 ||    12

Table legend:
 A = Non-vault XP
 B = Vault XP
 C = Vault XP percentage of total XP
 D = Non-vault monster count
 E = Vault monster count
 F = Vault count percentage of total count
                 A         B        C        D         E       F
            +---------+---------+-------+---------+---------+-------
      Total |     101 |      31 |  23.5 |      41 |       8 |  16.3
            +---------+---------+-------+---------+---------+-------
        D:1 |      29 |       0 |   0.0 |      15 |       0 |   0.0
        D:2 |      60 |       5 |   7.7 |      21 |       2 |   8.7
        D:3 |      12 |      10 |  45.5 |       5 |       2 |  28.6
      Sewer |       0 |      16 | 100.0 |       0 |       4 | 100.0
            +---------+---------+-------+---------+---------+-------
